NYP
HUDSON VALLEY RENEGADES @ IDAHO FALLS CHUKARS
06/01/2047
 
TOP OF THE 1ST
Hudson Valley Renegades batting - Pitching for Idaho Falls Chukars : LHP Katsusuke Suyama
Pitching: LHP Katsusuke Suyama
Batting: SHB Chris Lockart 0-0: Ball
1-0: Called Strike
1-1: Ball
2-1: Fly out, F3 (Line Drive, 3L, EV 65.0 MPH)
Batting: LHB Jonathan Spino 0-0: Swinging Strike
0-1: Ball
1-1: Swinging Strike
1-2: Strikes out swinging
Batting: SHB Joey Pacheco 0-0: Foul Ball, location: 2F
0-1: Ball
1-1: Ground out 5-3 (Groundball, 56S, EV 68.1 MPH)
Top of the 1st over - 0 runs, 0 hits, 0 errors, 0 left on base; Hudson Valley 0 - Idaho Falls 0
BOTTOM OF THE 1ST
Idaho Falls Chukars batting - Pitching for Hudson Valley Renegades : RHP Gerardo Fernandez
Pitching: RHP Gerardo Fernandez
Batting: LHB Paul Perry 0-0: Ball
1-0: Called Strike
1-1: Ball
2-1: Foul Ball, location: 2F
2-2: Ball
3-2: Foul Ball, location: 2F
3-2: Ground out 3-1 (Groundball, 34, EV 107.5 MPH)
Batting: RHB Jerry Escamilla 0-0: Swinging Strike
0-1: Ball
1-1: Swinging Strike
1-2: Ball
2-2: Ball
3-2: Foul Ball, location: 2F
3-2: Foul Ball, location: 2F
3-2: Fly out, F3 (Popup, 3SF, EV 71.9 MPH)
Batting: LHB Bob Gilmour 0-0: Called Strike
0-1: Swinging Strike
0-2: Foul Ball, location: 2F
0-2: Strikes out swinging
Bottom of the 1st over - 0 runs, 0 hits, 0 errors, 0 left on base; Hudson Valley 0 - Idaho Falls 0
TOP OF THE 2ND
Hudson Valley Renegades batting - Pitching for Idaho Falls Chukars : LHP Katsusuke Suyama
Batting: LHB Eric Toney 0-0: Ball
1-0: SINGLE (Flyball, 7LS, EV 95.0 MPH)
Batting: RHB Dave Galloway 0-0: Swinging Strike
0-1: Swinging Strike
0-2: SINGLE (Groundball, 56D, EV 94.4 MPH)
Eric Toney to second
Batting: RHB Nelle Lommen 0-0: Ball
1-0: Foul Ball, location: 2F
1-1: Ball
2-1: Ball
3-1: Fly out, F8 (Flyball, 8RD, EV 90.0 MPH)
Batting: LHB Tony Zizumbo 0-0: Called Strike
0-1: Ball
1-1: Grounds into double play, 5-4-3 (Groundball, 56, EV 105.0 MPH)
Top of the 2nd over - 0 runs, 2 hits, 0 errors, 1 left on base; Hudson Valley 0 - Idaho Falls 0
BOTTOM OF THE 2ND
Idaho Falls Chukars batting - Pitching for Hudson Valley Renegades : RHP Gerardo Fernandez
Batting: RHB Lee McKay 0-0: Ball
1-0: Ground out 5-3 (Groundball, 56, EV 80.6 MPH)
Batting: RHB Roberto Contreras 0-0: SINGLE (Groundball, 6MD, EV 104.4 MPH)
Batting: RHB Colin Boddy 0-0: DOUBLE (Line Drive, 78XD, EV 102.5 MPH)
Roberto Contreras to third
Batting: RHB Mike Strey 0-0: Foul Ball, location: 2F
0-1: Ball
1-1: Ball
2-1: SINGLE (Line Drive, 56, EV 100.6 MPH)
Roberto Contreras scores
Colin Boddy to third
Batting: RHB Rafael Medina 0-0: Ball
1-0: Fly out, F9 (Line Drive, 9D, EV 90.0 MPH)
Runner from 3rd tags up, SCORES, no throw by RF
Batting: RHB Ricky Carbajal 0-0: Ball
1-0: Foul Ball, location: 2F
1-1: Ball
2-1: Fly out, F7 (Flyball, 78S, EV 95.6 MPH)
Bottom of the 2nd over - 2 runs, 3 hits, 0 errors, 1 left on base; Hudson Valley 0 - Idaho Falls 2
TOP OF THE 3RD
Hudson Valley Renegades batting - Pitching for Idaho Falls Chukars : LHP Katsusuke Suyama
Batting: RHB Jesus Carrillo 0-0: Ball
1-0: Called Strike
1-1: Swinging Strike
1-2: Ball
2-2: Strikes out swinging
Batting: SHB Josif Popovski 0-0: Fly out, F7 (Flyball, 7LD, EV 93.8 MPH)
Batting: SHB Chris Lockart 0-0: Fly out, F9 (Flyball, 9D, EV 80.0 MPH)
Top of the 3rd over - 0 runs, 0 hits, 0 errors, 0 left on base; Hudson Valley 0 - Idaho Falls 2
BOTTOM OF THE 3RD
Idaho Falls Chukars batting - Pitching for Hudson Valley Renegades : RHP Gerardo Fernandez
Batting: LHB Paul Perry 0-0: Called Strike
0-1: Called Strike
0-2: Ball
1-2: Ball
2-2: Foul Ball, location: 2F
2-2: Ball
3-2: Ground out 4-3 (Groundball, 4M, EV 76.9 MPH)
Batting: RHB Jerry Escamilla 0-0: Ball
1-0: Bunt missed!
1-1: Ball
2-1: Ground out 4-3 (Groundball, 4, EV 102.5 MPH)
Batting: LHB Bob Gilmour 0-0: Ball
1-0: Called Strike
1-1: Ground out 4-3 (Groundball, 4M, EV 108.1 MPH)
Bottom of the 3rd over - 0 runs, 0 hits, 0 errors, 0 left on base; Hudson Valley 0 - Idaho Falls 2
TOP OF THE 4TH
Hudson Valley Renegades batting - Pitching for Idaho Falls Chukars : LHP Katsusuke Suyama
Batting: LHB Jonathan Spino 0-0: Ball
1-0: Swinging Strike
1-1: Ground out U3 (Groundball, 3, EV 85.0 MPH)
Batting: SHB Joey Pacheco 0-0: Called Strike
0-1: Ball
1-1: Swinging Strike
1-2: Strikes out swinging
Batting: LHB Eric Toney 0-0: Swinging Strike
0-1: Swinging Strike
0-2: Ball
1-2: Strikes out swinging
Top of the 4th over - 0 runs, 0 hits, 0 errors, 0 left on base; Hudson Valley 0 - Idaho Falls 2
BOTTOM OF THE 4TH
Idaho Falls Chukars batting - Pitching for Hudson Valley Renegades : RHP Gerardo Fernandez
Batting: RHB Lee McKay 0-0: Ground out U3 (Groundball, 34, EV 102.5 MPH)
Batting: RHB Roberto Contreras 0-0: Foul Ball, location: 2F
0-1: Ball
1-1: Ball
2-1: Ball
3-1: SINGLE (Groundball, P, EV 90.6 MPH) (infield hit)
Batting: RHB Colin Boddy 0-0: Ball
Roberto Contreras steals 2nd base
1-0: Ball
2-0: Ball
3-0: Called Strike
3-1: Foul Ball, location: 2F
3-2: 2-RUN HOME RUN (Flyball, 7LD, EV 96.2 MPH), Distance : 359 ft
Batting: RHB Mike Strey 0-0: Called Strike
0-1: Ball
1-1: Called Strike
1-2: Ground out 6-3 (Groundball, 6MS, EV 71.2 MPH)
Batting: RHB Rafael Medina 0-0: Ball
1-0: Ball
2-0: Ball
3-0: Foul Ball, location: 2F
3-1: Called Strike
3-2: Base on Balls
Batting: RHB Ricky Carbajal 0-0: Ground out 5-3 (Groundball, 5S, EV 70.6 MPH)
Bottom of the 4th over - 2 runs, 2 hits, 0 errors, 1 left on base; Hudson Valley 0 - Idaho Falls 4
TOP OF THE 5TH
Hudson Valley Renegades batting - Pitching for Idaho Falls Chukars : LHP Katsusuke Suyama
Batting: RHB Dave Galloway 0-0: Called Strike
0-1: Ball
1-1: Ball
2-1: Foul Ball, location: 2F
2-2: Ball
3-2: Foul Ball, location: 2F
3-2: Base on Balls
Batting: RHB Nelle Lommen 0-0: Called Strike
0-1: Called Strike
0-2: Ball
1-2: DOUBLE (Flyball, 89D, EV 108.8 MPH)
Dave Galloway to third
Batting: LHB Tony Zizumbo 0-0: Ball
Wild Pitch!
Dave Galloway scores
Nelle Lommen to third
1-0: Ball
2-0: Ball
Wild Pitch!
Nelle Lommen scores
3-0: Called Strike
3-1: SINGLE (Groundball, 6D, EV 105.0 MPH)
Batting: RHB Jesus Carrillo 0-0: Ball
Tony Zizumbo steals 2nd base
1-0: Called Strike
1-1: Ball
2-1: Ball
3-1: Ground out 4-3 (Groundball, 4, EV 107.5 MPH)
Tony Zizumbo to third
Batting: SHB Josif Popovski 0-0: Swinging Strike
0-1: Ball
1-1: Ball
2-1: Ball
3-1: Called Strike
3-2: Strikes out swinging
Batting: SHB Chris Lockart 0-0: Ball
1-0: Swinging Strike
1-1: Ball
2-1: Ball
3-1: Base on Balls
Batting: LHB Jonathan Spino 0-0: Ball
1-0: Foul Ball, location: 2F
1-1: Swinging Strike
1-2: Ball
2-2: SINGLE (Groundball, 34D, EV 108.1 MPH)
Tony Zizumbo scores
Chris Lockart to second
Runner from 2nd tries for 3rd, SAFE, throw by RF made to third
Pitching: RHP Bryan Paiva
Batting: SHB Joey Pacheco 0-0: Called Strike
0-1: DOUBLE (Line Drive, 78M, EV 107.5 MPH)
Chris Lockart scores
Jonathan Spino to third
Runner from 3rd tries for Home, SAFE, throw by LF to home
Batting: LHB Eric Toney 0-0: Ball
1-0: Called Strike
1-1: SINGLE (Groundball, 4MD, EV 98.8 MPH)
Joey Pacheco to third
Runner from 3rd tries for Home, SAFE, throw by CF to home
Batting: RHB Dave Galloway 0-0: Called Strike
0-1: Ball
Passed Ball!
Eric Toney to second
1-1: Called Strike
1-2: Ball
2-2: Strikes out looking
Top of the 5th over - 6 runs, 5 hits, 0 errors, 1 left on base; Hudson Valley 6 - Idaho Falls 4
BOTTOM OF THE 5TH
Idaho Falls Chukars batting - Pitching for Hudson Valley Renegades : RHP Gerardo Fernandez
Batting: LHB Paul Perry 0-0: Ball
1-0: Ball
2-0: Foul Ball, location: 2F
2-1: Foul Ball, location: 2F
2-2: Ground out U3 (Groundball, 3S, EV 88.8 MPH)
Batting: RHB Jerry Escamilla 0-0: Ball
1-0: Ball
2-0: Called Strike
2-1: Foul Ball, location: 2F
2-2: Foul Ball, location: 2F
2-2: Ball
3-2: Foul Ball, location: 2F
3-2: Base on Balls
Batting: LHB Bob Gilmour 0-0: Foul Ball, location: 2F
Pickoff Throw to First - Out! 1-3
0-1: Ball
1-1: Ground out U3 (Groundball, 3L, EV 105.6 MPH)
Bottom of the 5th over - 0 runs, 0 hits, 0 errors, 0 left on base; Hudson Valley 6 - Idaho Falls 4
TOP OF THE 6TH
Hudson Valley Renegades batting - Pitching for Idaho Falls Chukars : RHP Bryan Paiva
Batting: RHB Nelle Lommen 0-0: Ball
1-0: Called Strike
1-1: Foul Ball, location: 2F
1-2: Foul Ball, location: 2F
1-2: Fly out, F9 (Flyball, 89S, EV 71.9 MPH)
Batting: LHB Tony Zizumbo 0-0: Called Strike
0-1: Ball
1-1: Ground out 5-3 (Groundball, 56, EV 81.9 MPH)
Batting: RHB Jesus Carrillo 0-0: Called Strike
0-1: Ball
1-1: Ground out 6-3 (Groundball, 6, EV 103.1 MPH)
Top of the 6th over - 0 runs, 0 hits, 0 errors, 0 left on base; Hudson Valley 6 - Idaho Falls 4
BOTTOM OF THE 6TH
Idaho Falls Chukars batting - Pitching for Hudson Valley Renegades : RHP Gerardo Fernandez
Batting: RHB Lee McKay 0-0: Ball
1-0: Foul Ball, location: 2F
1-1: DOUBLE (Groundball, 5L, EV 110.6 MPH)
Batting: RHB Roberto Contreras 0-0: Ground out 5-3 (Groundball, 56S, EV 61.2 MPH)
Lee McKay to third
Batting: RHB Colin Boddy 0-0: Called Strike
0-1: Called Strike
0-2: Ball
1-2: Reached via error on a dropped throw from 1B, E1 (Groundball, 34, EV 98.1 MPH)
Lee McKay scores
Pitching: LHP Toshiaki Wada
Batting: RHB Mike Strey 0-0: Foul Ball, location: 2F
0-1: Swinging Strike
0-2: Ball
1-2: Strikes out swinging
Batting: RHB Rafael Medina 0-0: Called Strike
0-1: Called Strike
0-2: Ball
1-2: Ball
2-2: Fly out, F8 (Flyball, 8RD, EV 95.0 MPH)
Bottom of the 6th over - 1 run, 1 hit, 1 error, 1 left on base; Hudson Valley 6 - Idaho Falls 5
TOP OF THE 7TH
Hudson Valley Renegades batting - Pitching for Idaho Falls Chukars : RHP Bryan Paiva
Batting: SHB Josif Popovski 0-0: Called Strike
0-1: Foul Ball, location: 2F
0-2: Ball
1-2: Ground out 6-3 (Groundball, 6, EV 106.2 MPH)
Batting: SHB Chris Lockart 0-0: Ball
1-0: Called Strike
1-1: Ground out 4-3 (Groundball, 4, EV 88.8 MPH)
Batting: LHB Jonathan Spino 0-0: Called Strike
0-1: Ball
1-1: Swinging Strike
1-2: Strikes out swinging
Top of the 7th over - 0 runs, 0 hits, 0 errors, 0 left on base; Hudson Valley 6 - Idaho Falls 5
BOTTOM OF THE 7TH
Idaho Falls Chukars batting - Pitching for Hudson Valley Renegades : LHP Toshiaki Wada
Batting: RHB Ricky Carbajal 0-0: Ball
1-0: Called Strike
1-1: DOUBLE (Line Drive, 9LM, EV 102.5 MPH)
Pinch Hitting: RHB Alejandro Hernandez 0-0: Ball
1-0: Foul Ball, location: 2F
1-1: Called Strike
1-2: Foul Ball, location: 2F
1-2: Ball
2-2: Foul Ball, location: 2F
2-2: Ball
3-2: Strikes out swinging
Batting: RHB Jerry Escamilla 0-0: Ball
1-0: Ball
2-0: Ball
3-0: Called Strike
3-1: Base on Balls
Batting: RHB Steven Romanovsky 0-0: Called Strike
Ricky Carbajal steals 3rd, throwing error, E2
Ricky Carbajal scores
Jerry Escamilla to third
0-1: Ball
1-1: Ball
2-1: SINGLE (Line Drive, 78S, EV 95.6 MPH)
Jerry Escamilla scores
Batting: RHB Lee McKay 0-0: Ball
1-0: Ball
2-0: Called Strike
2-1: Ball
3-1: Called Strike
3-2: 2-RUN HOME RUN (Flyball, 78XD, EV 96.9 MPH), Distance : 392 ft
Pitching: RHP Eddie Aguirre
Batting: RHB Roberto Contreras 0-0: Ball
1-0: Ball
2-0: Foul Ball, location: 2F
2-1: Foul Ball, location: 2F
2-2: Foul Ball, location: 2F
2-2: Foul Ball, location: 2F
2-2: Ball
3-2: Strikes out swinging
Batting: RHB Colin Boddy 0-0: Called Strike
0-1: SOLO HOME RUN (Flyball, 7D, EV 100.6 MPH), Distance : 385 ft
Batting: RHB Mike Strey 0-0: Called Strike
0-1: Ball
1-1: Called Strike
1-2: Strikes out looking
Bottom of the 7th over - 5 runs, 4 hits, 1 error, 0 left on base; Hudson Valley 6 - Idaho Falls 10
TOP OF THE 8TH
Hudson Valley Renegades batting - Pitching for Idaho Falls Chukars : RHP Bryan Paiva
Now in RF: Tim Rodgers
Batting: SHB Joey Pacheco 0-0: Foul Ball, location: 2F
0-1: Ball
1-1: Foul Ball, location: 2F
1-2: Ball
2-2: Strikes out swinging
Batting: LHB Eric Toney 0-0: Ball
1-0: Ball
2-0: Foul Ball, location: 2F
2-1: SINGLE (Groundball, 5L, EV 86.2 MPH) (infield hit)
Batting: RHB Dave Galloway 0-0: Ball
1-0: Called Strike
1-1: Fly out, F3 (Popup, 3SF, EV 80.6 MPH)
Batting: RHB Nelle Lommen 0-0: Ball
1-0: Swinging Strike
1-1: DOUBLE (Groundball, 5L, EV 103.8 MPH)
Eric Toney to third
Pitching: RHP Adam Sullivan
Batting: LHB Tony Zizumbo 0-0: Foul Ball, location: 2F
0-1: Ball
1-1: Reached on error, E6 (Groundball, 6, EV 100.6 MPH)
Eric Toney scores
Nelle Lommen to third
Pinch Hitting: LHB Alex Genao 0-0: Called Strike
0-1: Ball
1-1: Foul Ball, location: 2F
1-2: Ball
2-2: Ball
3-2: Strikes out swinging
Top of the 8th over - 1 run, 2 hits, 1 error, 2 left on base; Hudson Valley 7 - Idaho Falls 10
BOTTOM OF THE 8TH
Idaho Falls Chukars batting - Pitching for Hudson Valley Renegades : RHP Eddie Aguirre
Now at 2B: Alex Genao
Pinch Hitting: LHB Jun Nakamura 0-0: Foul Ball, location: 2F
0-1: Ball
1-1: Swinging Strike
1-2: Ball
2-2: Ball
3-2: Foul Ball, location: 2F
3-2: Foul Ball, location: 2F
3-2: Base on Balls
Batting: RHB Ricky Carbajal 0-0: Ball
1-0: Ball
2-0: Sac Bunt to P - play at first, batter OUT! 1-3
Jun Nakamura to second
Batting: SHB Tim Rodgers 0-0: Swinging Strike
0-1: Called Strike
0-2: Strikes out swinging
Batting: RHB Jerry Escamilla 0-0: Ball
1-0: Called Strike
1-1: Ball
2-1: Ball
3-1: Foul Ball, location: 2F
3-2: Foul Ball, location: 2F
3-2: Base on Balls
Batting: RHB Steven Romanovsky 0-0: Ball
1-0: Ball
2-0: Foul Ball, location: 2F
2-1: SINGLE (Line Drive, 5D, EV 97.5 MPH)
Jun Nakamura to third
Jerry Escamilla to second
Runner from 3rd tries for Home, throw by LF and OUT! 7-2
Bottom of the 8th over - 0 runs, 1 hit, 0 errors, 2 left on base; Hudson Valley 7 - Idaho Falls 10
TOP OF THE 9TH
Hudson Valley Renegades batting - Pitching for Idaho Falls Chukars : RHP Adam Sullivan
Now in LF: Franklin Quezada
Batting: SHB Josif Popovski 0-0: Foul Ball, location: 2F
0-1: SINGLE (Groundball, 56D, EV 101.9 MPH)
Batting: SHB Chris Lockart 0-0: Ball
1-0: Ball
2-0: Called Strike
2-1: Reached on error, E5 (Groundball, 56, EV 90.0 MPH)
Josif Popovski to second
Batting: LHB Jonathan Spino 0-0: Ball
1-0: Called Strike
1-1: Ball
2-1: Called Strike
2-2: Strikes out swinging
Batting: SHB Joey Pacheco 0-0: Ball
1-0: Foul Ball, location: 2F
1-1: Ball
2-1: Foul Ball, location: 2F
2-2: Fly out, F9 (Flyball, 9LS, EV 75.6 MPH)
Pitching: LHP Butch Ott
Batting: LHB Eric Toney 0-0: Ball
1-0: Foul Ball, location: 2F
1-1: Swinging Strike
1-2: TRIPLE (Flyball, 89XD, EV 103.1 MPH)
Josif Popovski scores
Chris Lockart scores
Batting: RHB Dave Galloway 0-0: Fly out, F7 (Flyball, 7D, EV 95.6 MPH)
Top of the 9th over - 2 runs, 2 hits, 1 error, 1 left on base; Hudson Valley 9 - Idaho Falls 10
Thursday, December 15th , 2022 - OOTP Baseball 23.9 Build 102